 Dungeon Crawl Stone Soup version 0.18.1-1-g2f07953 (webtiles) character file.

130 M4edhros the Insei (level 5, -4/31 HPs)
             Began as an Octopode Necromancer on May 7, 2016.
             Killed from afar by an orc wizard (6 damage)
             ... with a magic dart
             ... on level 4 of the Dungeon.
             The game lasted 00:02:24 (349 turns).

M4edhros the Insei (Octopode Necromancer)            Turns: 349, Time: 00:02:25

Health: -4/31      AC:  1    Str:  8    XL:     5   Next: 14%
Magic:  2/8        EV: 12    Int: 17    God:
Gold:   4          SH:  0    Dex: 13    Spells: 3 memorised, 3 levels left

rFire  . . .     SeeInvis .       - Unarmed
rCold  . . .     Gourm    .     (no shield)
rNeg   . . .     Faith    .     (helmet restricted)
rPois  .         Spirit   .     (no amulet)
rElec  .         Dismiss  .     (no ring)
rCorr  .         Reflect  .     (no ring)
SustAt .         Harm     .     (no ring)
MR     .....                    (no ring)
Stlth  +++.......               (no ring)
                                (no ring)
                                (no ring)
                                (no ring)

@: very slightly contaminated, not resistant to hostile enchantments, fairly
stealthy
A: almost no armour, amphibious, 8 rings, constrict 8, camouflage 1, gelatinous
body 1
a: no special abilities


You were on level 4 of the Dungeon.
You were not hungry.

You visited 1 branch of the dungeon, and saw 5 of its levels.

You collected 4 gold pieces.

Inventory:

Scrolls
 d - a scroll of recharging
 e - a scroll of enchant weapon {unknown}
 f - a scroll of fear {unknown}
 g - a scroll of remove curse {unknown}
Potions
 c - a potion of cure mutation
Books
 a - a book of Necromancy

   Spells                             Type                      Level
   a - Pain                           Necromancy                   1
   b - Animate Skeleton               Necromancy                   1
   c - Vampiric Draining              Necromancy                   3
   d - Regeneration                   Charms/Necromancy            3
   e - Animate Dead                   Necromancy                   4
   f - Control Undead                 Necromancy                   4
Comestibles
 b - 3 bread rations (quivered)
 h - 2 chunks of flesh


   Skills:
 - Level 2.0 Dodging
 - Level 2.6 Stealth
 + Level 4.6 Unarmed Combat
 - Level 2.0 Spellcasting
 - Level 4.0 Necromancy


You had 3 spell levels left.
You knew the following spells:

 Your Spells              Type           Power        Failure   Level  Hunger
a - Pain                  Necr           ###.         3%          1    #......
b - Animate Skeleton      Necr           N/A          3%          1    #......
r - Regeneration          Chrm/Necr      #.........   24%         3    ###....


Dungeon Overview and Level Annotations

Branches:
Dungeon (5/15)
 Temple: D:4-7

Altars:


Innate Abilities, Weirdness & Mutations

You cannot wear most types of armour.
You are amphibious.
You can wear up to eight rings at the same time.
You can use your tentacles to constrict eight enemies at once.
Your skin changes colour to match your surroundings (Stealth).
Your rubbery body absorbs attacks (AC +1).


Message History

The orc wizard hits your ogre skeleton with a dagger.
You bludgeon the orc!
You kill the orc!
The orc wizard hits your ogre skeleton with a dagger.
You barely miss the orc. Your grab misses the orc. Your squeeze misses the orc.
The orc wizard hits your ogre skeleton with a dagger.
The orc hits you with a trident.
Your ogre skeleton hits the orc wizard with a giant club.
You closely miss the orc. You grab the orc. You constrict the orc.
The orc wizard hits your ogre skeleton with a dagger.
Your ogre skeleton is destroyed!
The orc wizard barely misses you. The orc hits you with a trident!
* * * LOW HITPOINT WARNING * * *
Unknown command.
You tentacle-slap the orc wizard. You grab the orc wizard.
The orc wizard is lightly wounded.
You constrict the orc. You constrict the orc wizard.
The orc wizard casts a spell at you. The magic dart hits you!
You die...

...##......##
#.....
.........###
...##
.........#
..#
...###...##
.# ##...# .#
##..## ##..##
##..###.?.
#@oo......
##o...###.
§l#### ..#
#..# #..#
oo.# ..


You could see 2 orc wizards, an orc and a giant newt.

Vanquished Creatures
  An ogre (D:4)
  An adder (D:2)
  An orc (D:4)
  A bat (D:3)
  A giant cockroach (D:3)
  3 hobgoblins
  3 kobolds
  2 giant newts
  A rat (D:2)
14 creatures vanquished.

Vanquished Creatures (collateral kills)
  An orc wizard (D:4)
  An ooze (D:4)
2 creatures vanquished.

Grand Total: 16 creatures vanquished

Notes
Turn   | Place    | Note
--------------------------------------------------------------
     0 | D:1      | M4edhros the Octopode Necromancer began the quest for the Orb.
     0 | D:1      | Reached XP level 1. HP: 11/11 MP: 3/3
    52 | D:1      | Reached skill level 1 in Unarmed Combat
   133 | D:2      | Reached XP level 2. HP: 12/17 MP: 0/5
   238 | D:4      | Noticed an ogre
   269 | D:4      | Killed an ogre
   269 | D:4      | Reached XP level 3. HP: 8/21 MP: 6/6
   269 | D:4      | Reached XP level 4. HP: 10/27 MP: 7/7
   273 | D:4      | Learned a level 1 spell: Animate Skeleton
   277 | D:4      | Learned a level 3 spell: Regeneration
   290 | D:5      | Entered Level 5 of the Dungeon
   344 | D:4      | Reached XP level 5. HP: 20/31 MP: 2/8
   349 | D:4      | Killed from afar by an orc wizard

Skill      XL: |  1  2 |
---------------+-------+-----
Unarmed Combat | 2 4 |  4.6
Dodging        | |  2.0
Stealth        | |  2.6
Spellcasting   | |  2.0
Necromancy     | |  4.0

Action                   |  1- 3 |  4- 6 || total
-------------------------+-------+-------++-------
Melee: Unarmed           |    28 |     9 ||    37
       Constrict         |     5 |     4 ||     9
       Tentacles         |     6 |     3 ||     9
 Cast: Pain              |     6 |       ||     6
       Regeneration      |       |     2 ||     2
       Animate Skeleton  |       |     1 ||     1
  Use: Potion            |     3 |       ||     3
       Scroll            |       |     1 ||     1
 Stab: Sleeping          |     3 |       ||     3
Armor: Skin              |     1 |       ||     1
Dodge: Dodged            |    12 |     2 ||    14
